 Dungeon Crawl Stone Soup version 0.32-a0-607-g64ea0e4219 (webtiles) character file.

Game seed: 11957923869329225870

139 snarfax the Chopper (level 5, -5/42 (46) HPs)
             Began as a Mountain Dwarf Fighter on Mar 3, 2024.
             Slain by a wight
             ... wielding a +1 morningstar
              (11 damage)
             ... on level 3 of the Dungeon.
             The game lasted 00:04:04 (1854 turns).

snarfax the Chopper (Mountain Dwarf Fighter)        Turns: 1854, Time: 00:04:05

HP:   -5/42 (46)    AC:  7    Str: 20    XL:     5   Next: 1%
MP:   5/5           EV: 10    Int:  9    God:
Gold: 156           SH:  4    Dex:  9    Spells: 4/4 levels left

rFire   + . .        a - +0 war axe
rCold   . . .        c - +0 buckler
rNeg    . . .        m - +2 ring mail of Mibogif {rF+}
rPois   .            (no helmet)
rElec   .            (no cloak)
rCorr   .            (no gloves)
SInv    .            (no boots)
Will    .....        (no amulet) Stlth
                     (no ring)
HPRegen 0.27/turn    (no ring)
MPRegen 0.09/turn

%: no passive effects
@: drained
A: runic magic, artefact enchanting
a: no special abilities


You were on level 3 of the Dungeon.
You visited 1 branch of the dungeon, and saw 4 of its levels.

You collected 156 gold pieces.

Inventory:

Hand Weapons
 a - a +0 war axe (weapon)
Missiles
 g - 2 poisoned darts (quivered)
 t - 2 javelins
Armour
 b - a +0 scale mail
 c - a +0 buckler (worn)
 m - the +2 ring mail of Mibogif (worn) {rF+}
   (You found it on level 2 of the Dungeon)

   rF+:       It protects you from fire.
 o - a +0 chain mail
Jewellery
 q - a ring of willpower
Wands
 p - a wand of warping (11)
Scrolls
 d - 2 scrolls of amnesia {unknown}
 e - 2 scrolls of enchant weapon {unknown}
 f - a scroll of revelation {unknown}
 i - a scroll of identify {unknown}
 j - a scroll of poison {unknown}
 k - 2 scrolls of noise {unknown}
 r - a scroll of teleportation {unknown}
 s - a scroll of fog {unknown}
 u - a scroll of torment {unknown}
Potions
 h - a potion of lignification {unknown}
 l - 2 potions of heal wounds
 n - a potion of attraction {unknown}


   Skills:
 + Level 4.0 Fighting
 * Level 4.3 Axes
 + Level 4.0 Armour
 + Level 4.1 Shields


You had 4 spell levels left.
You didn't know any spells.
Your spell library contained the following spells:

 Spells                   Type           Power      Damage    Failure   Level
 Tukima's Dance           Hex            0%         N/A       86%         3
 Dimensional Bullseye     Hex/Tloc       0%         N/A       99%         4
 Iskenderun's Mystic Bla  Conj/Tloc      0%         2d3       99%         4


Dungeon Overview and Level Annotations

Branches:
Dungeon (4/15)
 Temple: D:4-7

Altars:

Shops:
D:2 :


Innate Abilities, Weirdness & Mutations

Your spellcasting is much less encumbered by armour.
You can use scrolls of enchantment on lesser artefacts.


Message History

A wight comes into view.
It is wielding a +0 mace. 4 wights come into view.
Found 18 gold pieces.
The wight hits you with a +0 mace!
You closely miss the wight. You block the wight's attack.
You closely miss the wight. You hit the wight but do no damage.
You barely miss the wight. The wight hits you with a +0 mace.
The wight hits you with a +1 morningstar!
You slash the wight!
The wight is heavily damaged.
You hit the wight but do no damage. The wight closely misses you.
The wight hits you with a +1 morningstar!
The wight barely misses you. x2; The wight hits you with a +0 mace.
You are too injured to fight recklessly!
The wight attacks as it pursues you!
The wight hits you with a +1 morningstar.
You feel drained. The wight hits you with a +0 mace!
* * * LOW HITPOINT WARNING * * *
You feel drained.
* * * LOW HITPOINT WARNING * * *
There is a stone staircase leading up here.
You climb upwards.
There is a stone staircase leading down here.
It was a potion of heal wounds.
You feel much better. You block the wight's attack.
The wight hits you but does no damage.
You closely miss the wight. x2
The wight hits you with a +1 morningstar!
The wight hits you with a +0 mace.
You feel drained.
* * * LOW HITPOINT WARNING * * *
The wight hits you with a +1 morningstar!
* * * LOW HITPOINT WARNING * * *
You barely miss the wight. x2; The wight misses you.
You block the wight's attack.
You barely miss the wight. You hit the wight. The wight misses you. x2
You block the wight's attack.
You hit the wight.
The wight is moderately damaged.
You hit the wight.
The wight hits you with a +1 morningstar!
You die...

......#.#...##...#.....#.###.#.#
...####..#.......#.....#.#.....#
........###.........####.#.#.###
..#####.##.............#.#.#.#
..# #.#...........##.#.....# .##
##.....#....####.###.### .#
###.....)).............#
.####..........z..#.##.#####
##.##.#.......##@...##.#
..#.#.##.....###.z.....#
.###........## #...###.#
#.#.#.##.#..# #.#####.#
.#..#.##.##.# #.......#
.##.#.......# #########
.##.####.#### ....# #.# .####
#.#


You could see 2 wights.

Vanquished Creatures
  A hound (D:3)
  An adder (D:2)
  3 ribbon worms
  2 dart slugs
  3 orcs (D:3)
  6 ball pythons
  9 endoplasms
  2 giant cockroaches (D:3)
  6 goblins
  11 hobgoblins
  2 jackals (D:2)
  4 kobolds (D:1)
  2 quokkas
  8 bats
  15 frilled lizards
  6 rats
81 creatures vanquished.

Notes
Turn   | Place    | Note
-------+----------+-------------------------------------------
     0 | D:1      | snarfax the Mountain Dwarf Fighter began the quest for the
                  | Orb.
     0 | D:1      | Reached XP level 1. HP: 19/19 MP: 1/1
    37 | D:1      | Found a faded altar of an unknown god.
   196 | D:1      | Reached XP level 2. HP: 26/26 MP: 2/2
   253 | D:1      | Reached XP level 3. HP: 4/31 MP: 3/3
   594 | D:2      | Identified the +0 leather armour of the Valley of Death
                  | {Harm rF+ Str+4}
   717 | D:2      | Found Atyeg's Book Boutique.
   722 | D:2      | Identified the +2 ring mail of Mibogif {rF+}
   916 | D:2      | Reached XP level 4. HP: 28/40 MP: 4/4
  1503 | D:3      | Reached XP level 5. HP: 45/46 MP: 5/5
  1854 | D:3      | Slain by a wight

Illustrated notes

Levels and vault maps discovered:
D:1:      lemuel_arrival_muddy, layout_rooms, chequers_ecumenical_altar_island,
          serial_bayou_pond_b
D:2:      layout_rooms, serial_shops, nicolae_shop_pleasant_corner_grove,
          minmay_lizard_king
D:3:      layout_loops_cross, minmay_between
D:4:      layout_basic, mainiacjoe_overflow_brackets, nicolae_shop_unique_rings,
          lexackson_kobold_supper

Skill      XL: |  1  2  3  4 |
---------------+-------------+-----
Axes           | 3 4 |  4.3
Shields        | 4 |  4.1
Fighting       | 4 |  4.0
Armour         | 4 |  4.0

Action                     |  1- 3 |  4- 6 || total
---------------------------+-------+-------++-------
  Melee: War axe           |   107 |    74 ||   181
    Use: Potion            |     1 |     1 ||     2
 Armour: Scale mail        |    74 |       ||    74
         Ring mail         |    14 |    64 ||    78
  Dodge: Dodged            |    56 |    44 ||   100
  Block: Buckler           |    27 |    18 ||    45

Table legend: (Time is in decaauts)
 A = Elapsed time spent in this place.
 B = Non-inter-level travel time spent in this place.
 C = Inter-level travel time spent in this place.
 D = Time resting spent in this place.
 E = Time spent auto-exploring this place.
 F = Levels seen in this place.
 G = Mean time per level.
                   A        B        C        D        E       F      G
               +--------+--------+--------+--------+--------+-----+--------+
         Total |   1929 |   1846 |     83 |      0 |   1378 |   4 |  482.2 |
       Dungeon |   1929 |   1846 |     83 |      0 |   1378 |   4 |  482.2 |
               +--------+--------+--------+--------+--------+-----+--------+

Top non-repeatable levels by time:
     D:3: 749 daAuts
     D:1: 587 daAuts
     D:2: 581 daAuts
     D:4: 10 daAuts
